 Dungeon Crawl Stone Soup version 0.28.0-53-g5a82cb258f (webtiles) character file.

Game seed: 17836132385412991916

100 Stomo the Skirmisher (level 4, -3/40 HPs)
             Began as a Draconian Monk on July 17, 2022.
             Killed by nerve-wracking pain
             ... invoked by Grinder
              (5 damage)
             ... on level 3 of the Dungeon.
             The game lasted 00:03:09 (2525 turns).

Stomo the Skirmisher (Draconian Monk)               Turns: 2525, Time: 00:03:09

Health: -3/40      AC:  7    Str: 15    XL:     4   Next: 47%
Magic:  4/4        EV: 13    Int: 10    God:
Gold:   124        SH:  0    Dex: 14    Spells: 3/3 levels left

rFire   . . .      SeeInvis .   b - +0 mace (protect)
rCold   . . .      Faith    .   (no shield)
rNeg    . . .      Spirit   .   (armour unavailable)
rPois   .          Reflect  .   (helmet restricted)
rElec   .          Harm     .   (no cloak)
rCorr   .          Rampage  .   (no gloves)
Will    .....                   i - +1 pair of boots
Stlth   ++........              (no amulet)
HPRegen 0.13/turn               (no ring)
MPRegen 0.09/turn               (no ring)

@: hasted, very quick
A: AC +5, unfitting armour, cold-blooded
a: no special abilities


You were on level 3 of the Dungeon.
You visited 1 branch of the dungeon, and saw 3 of its levels.

You collected 124 gold pieces.

Inventory:

Hand Weapons
 a - a +0 mace
 b - a +0 mace of protection (weapon)
 h - a +0 dagger
Armour
 i - a +1 pair of boots (worn)
Jewellery
 g - a ring of ice
Potions
 d - a potion of degeneration


   Skills:
 + Level 4.3 Fighting
 + Level 3.9 Maces & Flails
 + Level 3.5 Dodging
 - Level 1.7 Stealth


You had 3 spell levels left.
You didn't know any spells.
Your spell library contained the following spells:

 Spells                   Type           Power      Damage    Failure   Level
 Static Discharge         Conj/Air       0%         N/A       50%         2
 Lightning Bolt           Conj/Air       0%         1d11      100%        5
 Maxwell's Capacitive Co  Air            0%         ∞         100%        8


Dungeon Overview and Level Annotations

Branches:
Dungeon (3/15)

Altars:

Shops:
D:2 (

Annotations:
D:3 Grinder


Innate Abilities, Weirdness & Mutations

Your plain brown scales are hard. (AC +5)
You cannot fit into any form of body armour.
You are cold-blooded and may be slowed by cold attacks.


Message History

You tail-slap Grinder, but do no damage.
Grinder is severely wounded.
Grinder hits you!
* * * LOW HITPOINT WARNING * * *
You writhe in agony.
* * * LOW HITPOINT WARNING * * *
It was a potion of curing.
You feel better. Grinder gestures at you. You resist with significant effort.
Unknown command.
Unknown command.
You closely miss Grinder.
Grinder is severely wounded.
Grinder gestures at you.
You barely resist.
Grinder grins, showing sharp teeth.
Grinder gestures at you. You resist with significant effort.
You hit Grinder.
Your weapon exudes an aura of protection.
Your tail-slap misses Grinder.
Grinder is severely wounded.
Grinder gestures at you. You resist with significant effort.
You closely miss Grinder.
Grinder is severely wounded.
Grinder blinks!
Grinder blinks!
Unknown command.
It was a potion of haste.
You feel yourself speed up. Grinder gestures at you.
Pain shoots through your body!
* * * LOW HITPOINT WARNING * * *
Unknown command.
Unknown command.
You aren't carrying any scrolls.
Unknown command.
Grinder gestures at you. Pain shoots through your body!
You die...

#######
#############.....####
#..§..5.@............#
#.###########.###.##.#
#.# #.# #†##.#
......5.....# #.#
#.##.# ....5##.###.#
#.# #.##.# .... ...
####.###.##.# ...
..... #........##.# ##
.#.... #........##.#
...... #........##.#


You could see Grinder.

Vanquished Creatures
  Terence (D:3)
  2 adders
  A worm (D:2)
  3 dart slugs
  4 bats
  5 endoplasms
  4 giant cockroaches
  4 hobgoblins
  2 jackals (D:3)
  2 quokkas
  5 ball pythons
  4 frilled lizards
  5 kobolds
  5 rats
47 creatures vanquished.

Notes
Turn   | Place    | Note
-------+----------+-------------------------------------------
     0 | D:1      | Stomo the Draconian Monk began the quest for the Orb.
     0 | D:1      | Reached XP level 1. HP: 19/19 MP: 1/1
    20 | D:1      | Found a faded altar of an unknown god.
   639 | D:1      | Reached XP level 2. HP: 24/26 MP: 2/2
  1527 | D:1      | Reached XP level 3. HP: 28/33 MP: 3/3
  1617 | D:2      | Reached skill level 4 in Fighting
  1862 | D:2      | Found Xadoel's Antique Weapon Shop.
  2137 | D:3      | Reached XP level 4. HP: 37/40 MP: 4/4
  2212 | D:3      | Noticed Terence
  2226 | D:3      | Killed Terence
  2373 | D:3      | Noticed Grinder
  2486 | D:3      | Paralysed by Grinder for 4 turns
  2492 | D:3      | Paralysed by Grinder for 5 turns
  2524 | D:3      | HP: 2/40 [Grinder/nerve-wracking pain (9)]
  2525 | D:3      | Killed from afar by Grinder

Illustrated notes

Levels and vault maps discovered:
D:1:      psy_arrival_radial01, layout_loops_corners,
          ebering_ecumenical_altar_mist
D:2:      layout_rooms, serial_shops, shop, minmay_pentomino_pile
D:3:      layout_basic, moated_statue, uniq_natasha, uniq_terence, uniq_grinder

Skill      XL: |  1  2  3 |
---------------+----------+-----
Dodging        | 3 |  3.5
Fighting       | 4 |  4.3
Maces & Flails | |  3.9
Stealth        | |  1.7

Action                   |  1- 3 |  4- 6 || total
-------------------------+-------+-------++-------
Melee: Mace              |   110 |    36 ||   146
       Tailslap          |    12 |     7 ||    19
       Punch             |     1 |     1 ||     2
  Use: Scroll            |     3 |     1 ||     4
       Potion            |       |     2 ||     2
 Stab: Sleeping          |     3 |     1 ||     4
Armor: Skin              |    40 |     8 ||    48
Dodge: Dodged            |    75 |    16 ||    91
